Match 38875016
Unlisted

Match 38875016
End
Pioneer Squad
Construct Infanterie Kompanie
Grenadier Squad
MG 42 Machine Gun Team
Grenadier Squad
Construct Panzergrenadier Kompanie
251 Medium Carrier
Pak 40 Anti-tank Gun Team
Selects Mechanized Battlegroup
Selects Raid Package
Support Elements
Selects StuG Assault Group
StuG Assault Group
Nebelwerfer 42 Rocket Launcher Team
Pioneer Squad
StuG Assault Group
fary2
BIOHAZARD
0
0

Comments sign in to comment!

No comments posted yet!